AoeStats
← epic shit

Runestones

508354339Analyzed
1v1 RM · 9d ago on Sep 22, 2026· 58m 42s· 2 players
Game mode
Random Map
Map size
Tiny (2 player)
Population
200
Speed
Normal
Resources
Standard
Victory
Conquest
Starting age
Dark Age
Ending age
Imperial Age
RankedLock teamsTeams togetherTeam positionsShared explorationLock speedFull tech treeHidden civsTurbo modeCheats
Victory
Defeat
🇳🇿 Spanish · New Zealand
982
+16
🇨🇱 Huns · Chile
989
-16
funnyprofilename
11:32 Feudal Age
9:51 Loom
11:36 Feudal Age
15:54 Castle Age
15:27 Double-Bit Axe
16:45 Bow Saw
19:55 Padded Archer Armor
21:00 Leather Archer Armor
22:19 Horse Collar
25:36 Elite Skirmisher
29:14 Ballistics
31:41 Bloodlines
31:32 Husbandry
32:53 Thumb Ring
32:51 Fletching
34:04 Bodkin Arrow
34:18 Gold Mining
34:40 Masonry
40:18 Wheelbarrow
44:06 Imperial Age
42:11 Scale Barding Armor
44:22 Chain Barding Armor
44:13 Forging
44:30 Heavy Plow
46:20 Light Cavalry
47:47 Hand Cart
50:06 Two-Man Saw
50:30 Conscription
50:31 Bracer
51:02 Ring Archer Armor
51:42 Chemistry
50:53 Masonry
50:40 Murder Holes
51:11 Hussar
53:25 Plate Barding Armor
53:27 Iron Casting
53:58 Architecture
53:27 Stone Mining
59:14 Blast Furnace
epic shit
9:40 Feudal Age
8:52 Loom
10:59 Double-Bit Axe
12:17 Town Watch
16:21 Castle Age
16:40 Wheelbarrow
15:52 Horse Collar
18:47 Forging
20:57 Fletching
23:14 Fervor
26:27 Murder Holes
27:50 Elite Skirmisher
32:59 Gold Mining
35:32 Heavy Plow
37:26 Iron Casting
37:47 Ballistics
42:47 Imperial Age
40:36 Hand Cart
40:27 Bodkin Arrow
41:02 Husbandry
41:38 Masonry
41:38 Husbandry
41:50 Bloodlines
43:51 Scale Barding Armor
43:47 Padded Archer Armor
44:11 Conscription
43:19 Capped Ram
43:31 Light Cavalry
43:37 Light Cavalry
45:05 Bracer
46:06 Blast Furnace
45:27 Chain Barding Armor
45:42 Bow Saw
47:14 Gold Shaft Mining
48:17 Chemistry
49:08 Blast Furnace
48:44 Plate Barding Armor
49:03 Parthian Tactics
49:39 Heavy Cavalry Archer
50:38 Siege Ram
52:03 Hussar
53:13 Scale Mail Armor
53:14 Cavalier
58:22 Pikeman
Connection lost

Rejoining the realm…

Still unreachable

The connection could not be restored.

Session expired

The server has moved on; the page needs a fresh start.